 Dungeon Crawl Stone Soup version 0.31-a0-1616-gbeaec30b81 (webtiles) character file.

Game seed: 6910460218106359302

113 CraigForest the Ruffian (level 4, -1/34 HPs)
             Began as a Gnoll Shapeshifter on Jan 11, 2024.
             Killed from afar by Sigmund (9 damage)
             ... with a magic dart
             ... on level 3 of the Dungeon.
             The game lasted 00:06:56 (1806 turns).

CraigForest the Ruffian (Gnoll Shapeshifter)        Turns: 1806, Time: 00:06:57

Health: -1/34      AC:  2    Str: 15    XL:     4   Next: 96%
Magic:  6/6        EV: 13    Int: 16    God:
Gold:   133        SH:  0    Dex: 11    Spells: 5/5 levels left

rFire   + +          .
                       - Unarmed
rCold   . . .        (no shield)
rNeg    + . .        h - +0 robe
rPois   .            (helmet currently unavailable)
rElec   .            (cloak currently unavailable)
rCorr   .            (gloves currently unavailable)
SInv    .            (boots currently unavailable)
Will    .....        (no amulet)
Stlth   ++           r - ring "Doeroso" {rF++ rN+ Will- Int+6 Slay+2}
HPRegen 0.25/turn    (no ring)
MPRegen 0.10/turn

%: no passive effects
@: beast-form
A: beast (slay +3), fangs 1, strong nose, distributed training
a: Begin Untransformation


You were on level 3 of the Dungeon.
You were a hulking beast.
You visited 1 branch of the dungeon, and saw 3 of its levels.

You collected 133 gold pieces.

Inventory:

Hand Weapons
 l - a +0 war axe
 m - a +0 rapier
Missiles
 i - 3 poisoned darts (quivered)
Armour
 a - a +0 animal skin
 h - a +0 robe (worn)
 j - a +0 pair of gloves
Jewellery
 r - the ring "Doeroso" (left hand) {rF++ rN+ Will- Int+6 Slay+2}
   (You found it on level 2 of the Dungeon)

   [ring of intelligence]

   Int+6:     It affects your intelligence (+6).
   Slay+2:    It affects your accuracy & damage with ranged weapons and melee
   (+2).
   rF++:      It greatly protects you from fire.
   rN+:       It protects you from negative energy.
   Will-:     It decreases your willpower.
Talismans
 c - a beast talisman (active)
 d - a flux talisman
Scrolls
 e - 2 scrolls of identify {unknown}
 k - a scroll of enchant weapon {unknown}
 o - a scroll of amnesia {unknown}
 p - a scroll of vulnerability {unknown}
Potions
 b - a potion of lignification
 f - 2 potions of haste {unknown}
 g - 3 potions of curing {unknown}
 n - 2 potions of heal wounds {unknown}
 q - a potion of magic {unknown}
 s - a potion of might {unknown}


   Skills:
 + Level 2.9 Fighting
 + Level 1.3 Short Blades
 + Level 1.3 Long Blades
 + Level 1.3 Axes
 + Level 1.3 Maces & Flails
 + Level 1.3 Polearms
 + Level 1.3 Staves
 + Level 1.3 Ranged Weapons
 + Level 1.3 Throwing
 + Level 1.3 Armour
 + Level 4.7 Dodging
 + Level 1.3 Stealth
 + Level 1.3 Shields
 + Level 6.6 Unarmed Combat
 + Level 1.3 Spellcasting
 + Level 1.1 Conjurations
 + Level 1.1 Hexes
 + Level 1.1 Summonings
 + Level 1.1 Necromancy
 + Level 1.1 Translocations
 + Level 1.1 Fire Magic
 + Level 1.1 Ice Magic
 + Level 1.1 Air Magic
 + Level 1.1 Earth Magic
 + Level 1.1 Alchemy
 + Level 1.5 Invocations
 + Level 1.3 Evocations
 + Level 6.6 Shapeshifting


You had 5 spell levels left.
You didn't know any spells.
Your spell library was empty.

Dungeon Overview and Level Annotations

Branches:
Dungeon (3/15)

Altars:

Shops:
D:1 *

Annotations:
D:3 Sigmund


Innate Abilities, Weirdness & Mutations

You are a hulking beast.
Your limbs bulge with bestial killing power. (Slay +3)
You have very sharp teeth.
Your uncanny sense of smell can sniff out nearby items.
Your experience applies equally to all skills.


Message History

An orc wizard comes into view. It is wielding a +0 dagger.
You see here a +0 dagger.
You hit the orc.
The orc is moderately wounded.
Something hits you. The orc hits you but does no damage.
You punch the orc!
You kill the orc!
The orc wizard casts a spell.
The orc wizard flickers and vanishes!
Something hits you.
You hear some strange, mumbled words.
Things that are here:
a +0 club; an orc corpse You closely miss something.
Something hits you.
You closely miss something. You closely miss something. Something hits you.
You hear some strange, mumbled words.
A puff of flame appears from out of thin air!
The puff of flame hits something!
You punch something! Your bite misses something.
A quokka comes into view.
Something hits you!
You are too injured to fight recklessly!
You are too injured to fight recklessly!
You are too injured to fight recklessly!
You are too injured to fight recklessly!
You are too injured to fight recklessly!
You are too injured to fight recklessly!
You are too injured to fight recklessly!
You are too injured to fight recklessly!
You are too injured to fight recklessly!
You are too injured to fight recklessly!
You are too injured to fight recklessly!
You are too injured to fight recklessly!
You see here a +0 dagger.
A puff of flame appears from out of thin air!
The puff of flame hits you. You resist.
* * * LOW HITPOINT WARNING * * *
A magic dart appears from out of thin air!
The magic dart hits you!
You die...

... ## ....
#.. ........
.....#.#
...#.# # #...#
...
#b.######r....
#...){.o..#
##h#####{....#
#..# ##...
#<## . #.# ...
#..## ..## ...
...∆


You could see an orc, a quokka and a bat.

Vanquished Creatures
  Terence (D:2)
  Robin (D:2)
  2 adders (D:2)
  2 ribbon worms (D:2)
  A dart slug (D:2)
  2 orcs (D:3)
  2 bats
  An endoplasm (D:1)
  3 giant cockroaches
  10 goblins
  5 hobgoblins (D:2)
  3 kobolds
  3 quokkas
  5 ball pythons
  3 frilled lizards (D:2)
  9 rats
53 creatures vanquished.

Notes
Turn   | Place    | Note
-------+----------+-------------------------------------------
     0 | D:1      | CraigForest the Gnoll Shapeshifter began the quest for the
                  | Orb.
     0 | D:1      | Reached XP level 1. HP: 17/17 MP: 1/1
   181 | D:1      | Found Xyluur's General Store.
   283 | D:1      | Reached XP level 2. HP: 21/23 MP: 2/2
  1047 | D:2      | Noticed Terence
  1055 | D:2      | Reached XP level 3. HP: 14/28 MP: 2/4
  1057 | D:2      | Reached skill level 1 in Invocations
  1059 | D:2      | HP: 1/28 [Terence/+0 short sword (5)]
  1060 | D:2      | Killed Terence
  1061 | D:2      | Reached skill level 1 in Short Blades
  1061 | D:2      | Reached skill level 1 in Long Blades
  1061 | D:2      | Reached skill level 1 in Axes
  1061 | D:2      | Reached skill level 1 in Maces & Flails
  1061 | D:2      | Reached skill level 1 in Polearms
  1061 | D:2      | Reached skill level 1 in Staves
  1061 | D:2      | Reached skill level 1 in Ranged Weapons
  1061 | D:2      | Reached skill level 1 in Throwing
  1061 | D:2      | Reached skill level 1 in Armour
  1061 | D:2      | Reached skill level 1 in Stealth
  1061 | D:2      | Reached skill level 1 in Shields
  1061 | D:2      | Reached skill level 1 in Spellcasting
  1061 | D:2      | Reached skill level 1 in Evocations
  1061 | D:2      | Reached XP level 4. HP: 1/34 MP: 2/5
  1373 | D:2      | Identified the ring "Doeroso" {rF++ rN+ Will- Int+6 Slay+2}
  1466 | D:2      | Reached skill level 1 in Conjurations
  1466 | D:2      | Reached skill level 1 in Hexes
  1466 | D:2      | Reached skill level 1 in Summonings
  1466 | D:2      | Reached skill level 1 in Necromancy
  1466 | D:2      | Reached skill level 1 in Translocations
  1466 | D:2      | Reached skill level 1 in Fire Magic
  1466 | D:2      | Reached skill level 1 in Ice Magic
  1466 | D:2      | Reached skill level 1 in Air Magic
  1466 | D:2      | Reached skill level 1 in Earth Magic
  1466 | D:2      | Reached skill level 1 in Alchemy
  1471 | D:2      | Noticed Robin
  1607 | D:2      | Killed Robin
  1791 | D:3      | Noticed Sigmund
  1806 | D:3      | Killed from afar by Sigmund

Illustrated notes

Levels and vault maps discovered:
D:1:      co_arrival_square_in_a_square_in_a_square, layout_basic, serial_shops,
          nicolae_shop_getting_attention
D:2:      layout_rooms, uniq_robin, uniq_terence
D:3:      layout_rooms, uniq_sigmund, uniq_jessica

Skill      XL: |  1  2  3  4 |
---------------+-------------+-----
Invocations    | 1 |  1.5
Short Blades   | 1 |  1.3
Long Blades    | 1 |  1.3
Axes           | 1 |  1.3
Maces & Flails | 1 |  1.3
Polearms       | 1 |  1.3
Staves         | 1 |  1.3
Ranged Weapons | 1 |  1.3
Throwing       | 1 |  1.3
Armour         | 1 |  1.3
Stealth        | 1 |  1.3
Shields        | 1 |  1.3
Spellcasting   | 1 |  1.3
Evocations     | 1 |  1.3
Conjurations   | 1 |  1.1
Hexes          | 1 |  1.1
Summonings     | 1 |  1.1
Necromancy     | 1 |  1.1
Translocations | 1 |  1.1
Fire Magic     | 1 |  1.1
Ice Magic      | 1 |  1.1
Air Magic      | 1 |  1.1
Earth Magic    | 1 |  1.1
Alchemy        | 1 |  1.1
Fighting       | |  2.9
Dodging        | |  4.7
Unarmed Combat | |  6.6
Shapeshifting  | |  6.6

Action                     |  1- 3 |  4- 6 || total
---------------------------+-------+-------++-------
  Melee: Unarmed           |    39 |    74 ||   113
         Bite              |     1 |     5 ||     6
         Punch             |     2 |     2 ||     4
   Stab: Sleeping          |     1 |       ||     1
 Armour: Robe              |    14 |    43 ||    57
  Dodge: Dodged            |    17 |    36 ||    53
   Form: Beast             |     1 |       ||     1

Table legend: (Time is in decaauts)
 A = Elapsed time spent in this place.
 B = Non-inter-level travel time spent in this place.
 C = Inter-level travel time spent in this place.
 D = Time resting spent in this place.
 E = Time spent auto-exploring this place.
 F = Levels seen in this place.
 G = Mean time per level.
                   A        B        C        D        E       F      G
               +--------+--------+--------+--------+--------+-----+--------+
         Total |   1791 |   1721 |     70 |      0 |   1274 |   3 |  597.0 |
       Dungeon |   1791 |   1721 |     70 |      0 |   1274 |   3 |  597.0 |
               +--------+--------+--------+--------+--------+-----+--------+

Top non-repeatable levels by time:
     D:1: 1037 daAuts
     D:2: 736 daAuts
     D:3: 17 daAuts
